 Dungeon Crawl Stone Soup version 0.31-a0-210-gccc998df9b (webtiles) character file.

Game seed: 2454262776813654157

551 qw the Shooter (level 7, -11/43 HPs)
             Began as a Gargoyle Hexslinger on June 30, 2023.
             Blown up by Ijyb (14 damage)
             ... with a mindburst bolt
             ... on level 5 of the Dungeon.
             The game lasted 00:01:40 (3443 turns).

qw the Shooter (Gargoyle Hexslinger)                Turns: 3443, Time: 00:01:41

Health: -11/43     AC: 10    Str: 11 (12) XL:     7   Next: 29%
Magic:  22/22      EV: 12    Int: 13      God:
Gold:   558        SH:  0    Dex: 14      Spells: 7/8 levels left

rFire   . . .        Y - +1 sling
rCold   . . .        (no shield)
rNeg    + . .        e - +2 robe {Will+}
rPois   inf          (no helmet)
rElec   +            (no cloak)
rCorr   .            (no gloves)
SInv    +            n - +1 pair of boots
Will    +....        o
                       - Hermit's Pendant {Faith Invo=14 Evo=0 MP+5}
Stlth   +            f - ring of see invisible
HPRegen 0.27/turn    (no ring)
MPRegen 0.18/turn

%: faith
@: no status effects
A: sickness immunity, AC +4, negative energy resistance 1, electricity
resistance, torment resistance 1, petrification resistance
a: no special abilities


You were on level 5 of the Dungeon.
You visited 1 branch of the dungeon, and saw 5 of its levels.

You collected 558 gold pieces.


Innate Abilities, Weirdness & Mutations

You are immune to sickness and miasma.
Your stone body is resilient. (AC +4)
You are immune to poison.
You resist negative energy. (rN+)
You are resistant to electric shocks. (rElec)
You are resistant to unholy torment.
You are immune to petrification.


   Skills:
 - Level 4.1 Fighting
 + Level 6.8 Ranged Weapons
 - Level 1.5 Dodging
 - Level 1.0 Spellcasting
 - Level 2.6 Hexes


You had 7 spell levels left.
You knew the following spells:

 Your Spells              Type           Power      Damage    Failure   Level
a - Slow                  Hex            28%        N/A       10%         1

Your spell library contained the following spells:

 Spells                   Type           Power      Damage    Failure   Level
 Inner Flame              Hex/Fire       4%         N/A       43%         3
 Portal Projectile        Hex/Tloc       8%         N/A       43%         3
 Cause Fear               Hex            3%         N/A       67%         4

Inventory:

Hand Weapons
 Y - a +1 sling (weapon)
Armour
 e - a +2 robe of willpower (worn)
 n - a +1 pair of boots (worn)
Jewellery
 f - a ring of see invisible (left hand)
 o - the Hermit's Pendant (around neck) {Faith Invo=14 Evo=0 MP+5}
   (You found it on level 3 of the Dungeon)

   [amulet of faith]

   Invo=14: It sets your Invocations skill to 14.
   Evo=0: It sets your Evocations skill to 0.
   It allows you to gain divine favour quickly.
   MP:        It affects your magic capacity (+5).
Wands
 b - a wand of digging (6)
Scrolls
 g - a scroll of identify
 j - a scroll of noise {unknown}
Potions
 a - a potion of haste {unknown}
 c - a potion of heal wounds {unknown}
 d - a potion of enlightenment
 h - a potion of cancellation
 i - a potion of magic {unknown}
 k - 5 potions of curing
 l - a potion of might {unknown}

Dungeon Overview and Level Annotations

Branches:
Dungeon (5/15)
 Temple: D:4-7

Altars:
Ru
Sif Muna
Wu Jian
Xom

Annotations:
D:3 2 transporters, qw's ghost, amateur GrHs
D:5 Ijyb


Message History

You shoot a sling bullet. The sling bullet hits the iguana!
The iguana is almost dead.
The iguana bites you but does no damage.
Ijyb zaps a wand.
Your mind is blasted!
You shoot a sling bullet. The sling bullet hits the iguana.
You kill the iguana!
Ijyb hits you with a +0 dagger.
You shoot a sling bullet. The sling bullet hits Ijyb.
Ijyb is lightly wounded.
Ijyb hits you but does no damage.
You shoot a sling bullet. The sling bullet closely misses Ijyb.
Ijyb completely misses you.
You shoot a sling bullet. The sling bullet closely misses Ijyb.
Ijyb zaps a wand.
Your mind is blasted!
You shoot a sling bullet.
The sling bullet hits Ijyb but does no damage.
Ijyb is lightly wounded.
Ijyb zaps a wand.
You resist with some effort.
You shoot a sling bullet. The sling bullet closely misses Ijyb.
Ijyb closely misses you.
You shoot a sling bullet. The sling bullet closely misses Ijyb.
Ijyb zaps a wand.
You resist with some effort. Ijyb hits you but does no damage.
You shoot a sling bullet.
The sling bullet hits Ijyb but does no damage.
Ijyb is lightly wounded.
Ijyb hits you but does no damage.
You shoot a sling bullet.
The sling bullet hits Ijyb but does no damage.
Ijyb is lightly wounded.
Ijyb screams, "You nasty!
Big nasty!"
Ijyb zaps a wand.
You resist with some effort.
You shoot a sling bullet. The sling bullet barely misses Ijyb.
Ijyb zaps a wand.
Your mind is blasted!
You shoot a sling bullet.
The sling bullet hits Ijyb but does no damage.
Ijyb is lightly wounded.
Ijyb hits you but does no damage.
You shoot a sling bullet. The sling bullet closely misses Ijyb.
Ijyb zaps a wand.
Your mind is blasted!
You die...

#. #. .
#.
..####.
.......
.......##
#.....%g#
#@# #.#
#.# #.#
#.# #.#
#.# #.#
#.#


You could see Ijyb.

Vanquished Creatures
  Grinder (D:4)
  A scorpion (D:5)
  A hound (D:3)
  Jessica (D:3)
  3 iguanas
  5 adders
  3 worms
  3 dart slugs
  An orc (D:3)
  8 ball pythons
  9 bats
  4 endoplasms (D:1)
  A giant cockroach (D:1)
  7 goblins
  12 hobgoblins
  9 jackals
  4 quokkas
  2 frilled lizards
  11 kobolds
  5 rats
91 creatures vanquished.

Vanquished Creatures (others)
  An orc wizard (D:4)
1 creature vanquished.

Grand Total: 92 creatures vanquished

Notes
Turn   | Place    | Note
-------+----------+-------------------------------------------
     0 | D:1      | qw the Gargoyle Hexslinger began the quest for the Orb.
     0 | D:1      | Reached XP level 1. HP: 12/12 MP: 2/2
     0 | D:1      | 0 ||| qw: Version: 0.3-a-24-ga2abf7b
     0 | D:1      | 0 ||| qw: Game counter: 7128
     0 | D:1      | 0 ||| qw: Melee chars always use a shield: true
     0 | D:1      | 0 ||| qw: God list: Okawaru
     0 | D:1      | 0 ||| qw: Allow faded altars: false
     0 | D:1      | 0 ||| qw: Do Orc after clearing Dungeon:15 true
     0 | D:1      | 0 ||| qw: Do second Lair branch before Depths: true
     0 | D:1      | 0 ||| qw: Lair rune preference: random
     0 | D:1      | 0 ||| qw: Goals: Normal
     0 | D:1      | 0 ||| PLANNING D:1-11
   252 | D:1      | Reached XP level 2. HP: 16/16 MP: 3/3
   275 | D:1      | HP: 4/16 [quokka (1)]
   281 | D:1      | HP: 4/16 [quokka (2)]
   283 | D:1      | HP: 1/16 [goblin/+0 club (3)]
   355 | D:1      | Reached skill level 3 in Ranged Weapons
   637 | D:1      | Reached XP level 3. HP: 21/21 MP: 4/4
  1227 | D:1      | 1227 ||| UPGRADING to +0 pair of boots.
  1232 | D:1      | 1232 ||| READING scroll labelled ILUQUX HUNIGEJEU.
  1233 | D:1      | 1233 ||| READING scroll labelled PUZEC USEL.
  1234 | D:1      | 1234 ||| READING 2 scrolls labelled ANUUMITSYI.
  1235 | D:1      | 1235 ||| READING 2 scrolls labelled UNWIET YSULE.
  1236 | D:1      | 1236 ||| DROPPING scroll of poison.
  1237 | D:1      | 1237 ||| DROPPING scroll of vulnerability.
  1317 | D:2      | 1317 ||| STAIRDANCE
  1379 | D:2      | Reached XP level 4. HP: 26/26 MP: 5/5
  1402 | D:2      | Reached skill level 4 in Ranged Weapons
  1430 | D:2      | Found a faded altar of an unknown god.
  1767 | D:2      | 1767 ||| Stepping ~*~*~tactically~*~*~ (outnumbered).
  1769 | D:2      | 1769 ||| Stepping ~*~*~tactically~*~*~ (outnumbered).
  1951 | D:2      | 1951 ||| READING scroll labelled XOSIFEGR FEDGHA.
  1951 | D:2      | Identified a scroll of acquirement
  1951 | D:2      | 1951 ||| ACQUIRING 339 gold pieces
  1951 | D:2      | Acquired 339 gold pieces
  1953 | D:2      | 1953 ||| DRINKING 3 lumpy ruby potions.
  1954 | D:2      | 1954 ||| DRINKING 2 white potions.
  1955 | D:2      | 1955 ||| READING 2 scrolls of identify.
  1955 | D:2      | 1955 ||| IDENTIFYING fuming white potion
  1956 | D:2      | 1956 ||| DROPPING potion of attraction.
  2052 | D:3      | Noticed qw's ghost (amateur GrHs)
  2071 | D:3      | Found a transporter.
  2096 | D:3      | Found a transporter.
  2128 | D:3      | Reached XP level 5. HP: 30/30 MP: 6/6
  2195 | D:3      | Noticed Jessica
  2201 | D:3      | Killed Jessica
  2202 | D:3      | Reached skill level 5 in Ranged Weapons
  2207 | D:3      | 2207 ||| FLEEEEING.
  2208 | D:3      | 2208 ||| FLEEEEING.
  2209 | D:3      | 2209 ||| FLEEEEING.
  2210 | D:3      | 2210 ||| FLEEEEING.
  2357 | D:3      | Found a faded altar of an unknown god.
  2362 | D:3      | Found a sacrificial altar of Ru.
  2397 | D:3      | Found a faded altar of an unknown god.
  2397 | D:3      | Found the Hermit's Pendant {Faith Invo=14 Evo=0 MP+5}
  2505 | D:3      | 2505 ||| UPGRADING to +0 leather armour.
  2515 | D:3      | 2515 ||| DROPPING +0 robe.
  2516 | D:3      | 2516 ||| UPGRADING to +2 robe of willpower.
  2526 | D:3      | 2526 ||| DROPPING +0 leather armour.
  2527 | D:3      | 2527 ||| UPGRADING to Hermit's Pendant {Faith Invo=14 Evo=0
                  | MP+5}.
  2532 | D:3      | 2532 ||| UPGRADING to ring of see invisible.
  2533 | D:3      | 2533 ||| READING scroll labelled XONAPN BICLUD.
  2547 | D:4      | Reached skill level 3 in Fighting
  2629 | D:4      | 2629 ||| READING scroll of enchant armour.
  2629 | D:4      | 2629 ||| ENCHANTING +0 pair of boots.
  2649 | D:4      | 2649 ||| DRINKING 2 sedimented cyan potions.
  2650 | D:4      | 2650 ||| DRINKING 2 sedimented pink potions.
  2651 | D:4      | 2651 ||| DROPPING potion of degeneration.
  2652 | D:4      | 2652 ||| DROPPING potion of brilliance.
  2662 | D:4      | 2662 ||| STAIRDANCE
  2697 | D:4      | Reached XP level 6. HP: 37/37 MP: 16/16
  2701 | D:4      | Found a shimmering altar of Xom.
  2712 | D:4      | Found a shimmering altar of Xom.
  2738 | D:4      | Found an ornate altar of the Wu Jian Council.
  2857 | D:4      | 2857 ||| FLEEEEING.
  2925 | D:4      | Noticed Grinder
  2964 | D:4      | Paralysed by Grinder for 5 turns
  2969 | D:4      | Killed Grinder
  2970 | D:4      | Reached skill level 6 in Ranged Weapons
  3246 | D:4      | Reached XP level 7. HP: 41/41 MP: 17/17
  3250 | D:4      | Found a shimmering blue altar of Sif Muna.
  3255 | D:4      | 3255 ||| DRINKING 2 viscous emerald potions.
  3279 | D:5      | Entered Level 5 of the Dungeon
  3422 | D:5      | Noticed Ijyb
  3441 | D:5      | HP: 2/43 [disintegration (13)]
  3443 | D:5      | Blown up by Ijyb

Levels and vault maps discovered:
D:1:      nicolae_arrival_memento_mori, layout_basic, minmay_heptomino_w4
D:2:      layout_rooms, chequers_ecumenical_altar_lobes, lexackson_kobold_supper
D:3:      layout_rooms, nicolae_overflow_ecumenical_swirl,
          gammafunk_ghost_stat_death, hellmonk_guarded_unrand_hermit,
          uniq_jessica
D:4:      layout_cave_pools, xom_redecorated, tgw_sif,
          pdpol_wu_jian_five_deadly_venoms, uniq_grinder
D:5:      cheibrodos_quashed, layout_loops_ring, uniq_ijyb

Skill      XL: |  1  2  3  4  5  6  7 |
---------------+----------------------+-----
Ranged Weapons | 3 4 5 6 |  6.8
Fighting       | 2 3 4 |  4.1
Dodging        | |  1.5
Spellcasting   | |  1.0
Hexes          | |  2.6

Action                     |  1- 3 |  4- 6 |  7- 9 || total
---------------------------+-------+-------+-------++-------
   Fire: Sling             |   135 |   240 |    38 ||   413
    Use: Scroll            |     4 |     4 |       ||     8
         Potion            |       |     4 |     1 ||     5
 Armour: Robe              |    49 |    39 |    12 ||   100
  Dodge: Dodged            |    83 |    57 |     9 ||   149

Table legend:
 A = Non-vault XP
 B = Vault XP
 C = Vault XP percentage of total XP
 D = Non-vault monster count
 E = Vault monster count
 F = Vault count percentage of total count
                 A         B        C        D         E       F
            +---------+---------+-------+---------+---------+-------
      Total |     382 |     406 |  51.5 |      75 |      17 |  18.5
            +---------+---------+-------+---------+---------+-------
        D:1 |      54 |      10 |  15.6 |      31 |       5 |  13.9
        D:2 |      81 |      11 |  12.0 |      22 |       8 |  26.7
        D:3 |      30 |      80 |  72.7 |       8 |       2 |  20.0
        D:4 |      70 |     305 |  81.3 |      11 |       2 |  15.4
        D:5 |     147 |       0 |   0.0 |       3 |       0 |   0.0
            +---------+---------+-------+---------+---------+-------
